 Dungeon Crawl Stone Soup version 0.20.0-10-g0535bb4 (webtiles) character file.

32 Gorglomux the Sneak (level 3, -11/14 HPs)
             Began as a Felid Enchanter on June 4, 2017.
             Engulfed by a cloud of flame (15 damage)
             ... on level 1 of the Dungeon.
             The game lasted 00:03:02 (1121 turns).

Gorglomux the Sneak (Felid Enchanter)               Turns: 1121, Time: 00:03:03

Health: -11/14     AC:  1    Str:  4    XL:     3   Next: 8%
Magic:  3/7        EV: 18    Int: 17    God:
Gold:   2          SH:  0    Dex: 16    Spells: 3/6 levels left
                                        Lives:  0   Deaths: 0

rFire    . . .     SeeInvis +     - Unarmed
rCold    . . .     Gourm    .   (shield unavailable)
rNeg     . . .     Faith    .   (armour unavailable)
rPois    .         Spirit   .   (helmet unavailable)
rElec    .         Reflect  .   (cloak unavailable)
rCorr    .         Harm     .   (gloves unavailable)
MR       .....                  (boots unavailable)
Stlth    +++.......             (no amulet)
Regen    0.1/turn               (no ring)
MPRegen  0.1/turn               (no ring)

@: quick
A: no armour, no weapons or thrown items, stealth, claws 1, fangs 3, see
invisible, carnivore 3, speed 1, shaggy fur 1, slow metabolism 1, sharp paws
a: no special abilities


You were on level 1 of the Dungeon.
You were very full.

You visited 1 branch of the dungeon, and saw 1 of its levels.

You collected 2 gold pieces.

Inventory:

Scrolls
 B - a scroll of remove curse {unknown}
 C - a scroll of blinking {unknown}
 D - 4 scrolls of amnesia {unknown}
 E - a scroll of recharging {unknown}
Potions
 A - a potion of invisibility {unknown}
Books
 a - a book of Maledictions

   Spells                             Type                      Level
   a - Corona                         Hexes                        1
   b - Ensorcelled Hibernation        Hexes/Ice                    2
   c - Confuse                        Hexes                        3
   d - Tukima's Dance                 Hexes                        3
   e - Dazzling Spray                 Conjuration/Hexes            3
Comestibles
 z - 2 meat rations
 F - a chunk of flesh


   Skills:
 - Level 2.6 Dodging
 + Level 4.9 Stealth
 + Level 1.9 Unarmed Combat
 - Level 2.0 Spellcasting
 + Level 4.8 Hexes


You had 3 spell levels left.
You knew the following spells:

 Your Spells              Type           Power        Failure   Level  Hunger
a - Corona                Hex            ###....      2%          1    #......
z - Ensorcelled Hibernat  Hex/Ice        #.....       11%         2    ###....


Dungeon Overview and Level Annotations

Branches:
Dungeon (1/15)

Altars:


Innate Abilities, Weirdness & Mutations

You cannot wear armour.
You are incapable of wielding weapons or throwing items.
Your paws allow you to move quietly. (Stealth)
You have sharp claws.
You have razor-sharp teeth.
You have supernaturally acute eyesight. (SInv)
You are carnivorous and can eat meat at any time.
You cover ground quickly.
You are covered in fur. (AC +1)
You have a slow metabolism.
Your sharp claws are effective at attacking unaware monsters.


Message History

[Y]es or [N]o only, please.
Really walk into that cloud of flame? [Y]es or [N]o only, please.
Really walk into that cloud of flame? [Y]es or [N]o only, please.
Really walk into that cloud of flame? [Y]es or [N]o only, please.
Really walk into that cloud of flame? [Y]es or [N]o only, please.
Really walk into that cloud of flame? [Y]es or [N]o only, please.
Really walk into that cloud of flame? [Y]es or [N]o only, please.
Really walk into that cloud of flame? [Y]es or [N]o only, please.
Really walk into that cloud of flame?
Really walk into a travel-excluded area?
You are engulfed in blazing flames.
Ouch! That really hurt!
You die...

#.## #.# #.#
#.## #.# #..#
#.# ## ##.#
###♣♣♣♣♣P♣##♣
#.#
♣PPPPP...P#♣#.#
PPPPP....§PP#)#
###
P..#....§..P#(#
#.#
...#...@...)).#
##.#
P..#.......P###
#..#
PPP.P.....PP#
#(##
PP#P##..≈PPP#
#.# ♣ #
♣P♣♣♣♣P# #.# ##
#%# #.# #.#


There were no monsters in sight!

Vanquished Creatures
  A dart slug (D:1)
  A leopard gecko (D:1)
  A giant cockroach (D:1)
  2 goblins (D:1)
  A hobgoblin (D:1)
  2 jackals (D:1)
  12 kobolds (D:1)
  2 bats (D:1)
  2 frilled lizards (D:1)
  5 rats (D:1)
29 creatures vanquished.

Vanquished Creatures (others)
  A plant (D:1)
1 creature vanquished.

Grand Total: 30 creatures vanquished

Notes
Turn   | Place    | Note
-------+----------+-------------------------------------------
     0 | D:1      | Gorglomux the Felid Enchanter began the quest for the Orb.
     0 | D:1      | Reached XP level 1. HP: 7/7 MP: 4/4
   198 | D:1      | Reached XP level 2. HP: 10/11 MP: 6/6
   202 | D:1      | Learned a level 2 spell: Ensorcelled Hibernation
  1095 | D:1      | Reached XP level 3. HP: 9/14 MP: 1/7
  1121 | D:1      | Engulfed by a cloud of flame

Action                   || total
-------------------------++-------
Melee: Unarmed           ||    71
       Bite              ||     1
 Cast: Corona            ||     5
       Ensorcelled Hiber ||    11
 Stab: Sleeping          ||    12
  Eat: Chunk             ||     8
Armor: Skin              ||     1
Dodge: Dodged            ||    55
